Map: Deathaura LE

Players

RagnaroK (SHIN)

  • Race: Zerg Zerg
  • Spawn Location: 11:00

Bunny - Winner!

  • Race: Terran Terran
  • Spawn Location: 5:00

Event: IEM Katowice 2021

VOD

Have the link to the VOD?

Description

Time

  • Played on: Feb. 21, 2021, 10 a.m.
  • Length: 12:32

All games in this series

Show
View Real Time Build Order
Export as new Build Order

RagnaroK Zerg 

Build Orders: Hatch First, Muta Ling Bane 

Get SALT Encoding   

  12  0:00  Drone  
  13  0:11  Overlord  
  13  0:17  Drone  
  14  0:30  Drone x2  
  16  0:48  Hatchery  
  15  0:51  Drone  
  15  0:54  Drone  
  17  0:58  Drone  
  18  1:12  Spawning Pool  
  18  1:14  Drone  
  18  1:19  Drone  
  19  1:32  Drone  
  20  1:33  Extractor  
  19  1:50  Drone  
  19  1:53  Drone  
  21  1:59  Queen x2  
  21  2:00  Zergling x4  
  27  2:11  Overlord  
  27  2:17  Hatchery  
  27  2:20  Drone  
  27  2:31  Drone x2  
  27  2:32  Drone  
  27  2:36  Drone  
  31  2:38  Metabolic Boost  
  31  2:46  Queen  
  33  2:52  Overlord  
  33  2:54  Drone  
  33  2:58  Drone x2  
  36  3:11  Drone x2  
  36  3:12  Drone x2  
  40  3:13  Drone  
  40  3:14  Overlord  
  40  3:17  Drone  
  42  3:21  Queen  
  44  3:31  Queen  
  46  3:34  Zergling x2  
  46  3:35  Zergling x2, Queen  
  46  3:39  Zergling x2  
  46  3:40  Zergling x2  
  52  3:42  Overlord  
  52  3:46  Drone x2  
  54  3:50  Drone x3  
  54  3:53  Drone  
  54  3:54  Overlord  
  58  3:57  Overlord  
  58  4:03  Overlord  
  58  4:06  Baneling Nest  
  57  4:11  Drone  
  57  4:12  Queen  
  57  4:15  Spore Crawler  
  57  4:16  Drone  
  60  4:17  Spore Crawler  
  60  4:18  Drone  
  60  4:21  Drone  
  61  4:24  Spore Crawler  
  61  4:25  Drone x2  
  61  4:28  Zergling x4  
  64  4:37  Drone x6  
  69  4:43  Drone x2  
  70  4:46  Drone x2  
  72  4:53  Lair  
  72  4:55  Baneling  
  72  4:56  Extractor  
  71  5:03  Zergling x12  
  71  5:05  Zergling x2  
  73  5:08  Baneling  
  73  5:12  Drone x5  
  73  5:15  Drone  
  73  5:19  Zergling x2  
  73  5:20  Queen x2  
  74  5:24  Zergling x4  
  74  5:25  Zergling x2  
  74  5:26  Zergling x2  
  74  5:27  Drone  
  76  5:29  Drone  
  76  5:31  Drone x2  
  79  5:35  Zergling x2  
  79  5:36  Baneling x3  
  79  5:37  Baneling  
  79  5:40  Extractor x2  
  79  5:41  Drone x2  
  79  5:42  Drone  
  80  5:44  Extractor  
  80  5:45  Extractor  
  80  5:47  Baneling  
  78  5:50  Drone x2  
  78  5:53  Drone  
  81  6:01  Overlord  
  81  6:09  Overlord  
  81  6:11  Queen  
  81  6:12  Spire  
  81  6:16  Overlord  
  81  6:17  Overlord  
  82  6:19  Drone x2  
  82  6:20  Drone x5  
  82  6:23  Centrifical Hooks  
  82  6:24  Drone  
  90  6:27  Overlord  
  90  6:28  Drone x2  
  90  6:32  Zergling x2  
  93  6:33  Hatchery  
  93  6:35  Zergling x8  
  96  6:40  Zergling x2, Evolution Chamber  
  96  6:43  Zergling x4, Evolution Chamber  
  97  6:49  Zergling x8  
  101  6:54  Overlord  
  101  6:55  Zergling x6  
  101  6:59  Baneling  
  101  7:00  Baneling x3  
  103  7:08  Zergling x6  
  106  7:10  Baneling x4  
  106  7:11  Zergling x2  
  106  7:14  Zergling x2  
  106  7:15  Zergling x2  
  107  7:19  Overlord  
  107  7:24  Mutalisk x8  
  107  7:29  Overlord x2  
  121  7:34  Overlord, Zerg Ground Armor Level 1  
  121  7:39  Zerg Melee Weapons Level 1  
  121  7:41  Zergling x4  
  122  7:46  Zergling x10  
  127  7:53  Zergling x10  
  129  8:00  Zergling x2  
  129  8:04  Zergling x12  
  134  8:10  Zergling x2  
  125  8:14  Drone x2  
  125  8:15  Drone x2  
  125  8:16  Drone x2  
  125  8:18  Drone  
  124  8:21  Mutalisk x3  
  124  8:23  Drone  
  124  8:24  Drone  
  124  8:25  Baneling x5  
  132  8:28  Mutalisk, Zerg Flyer Weapons Level 1  
  132  8:30  Mutalisk  
  132  8:32  Baneling  
  136  8:38  Zergling x6  
  136  8:41  Baneling x6  
  132  8:42  Zergling x2  
  132  8:47  Zergling x6  
  126  8:51  Zergling x2  
  126  8:52  Zergling x4  
  126  8:54  Baneling x7  
  126  8:58  Zergling x14  
  126  8:59  Zergling x8  
  131  9:05  Zergling x4  
  131  9:10  Mutalisk x2  
  131  9:13  Baneling x7  
  131  9:14  Zergling x2  
  131  9:16  Overlord  
  136  9:19  Hatchery  
  136  9:21  Zergling x4  
  137  9:25  Drone x2  
  137  9:26  Drone x3  
  137  9:29  Zerg Ground Armor Level 2  
  137  9:31  Zergling x6  
  145  9:32  Baneling x3  
  145  9:35  Zergling x6  
  145  9:38  Overlord  
  146  9:41  Baneling  
  146  9:42  Baneling x3  
  146  9:44  Zergling x2  
  146  9:45  Zergling x8  
  151  9:49  Zerg Melee Weapons Level 2  
  151  9:50  Zergling x4  
  153  9:54  Zergling x2, Overlord  
  153  9:55  Zergling x6  
  153  9:57  Baneling x3  
  157  10:01  Zergling x2  
  157  10:02  Zergling x2  
  157  10:05  Zergling x4  
  161  10:08  Overlord  
  161  10:09  Zergling x4  
  161  10:12  Zergling x2, Hatchery  
  161  10:13  Baneling x6  
  163  10:19  Zergling x14  
  170  10:23  Zergling x8  
  170  10:26  Zergling x4  
  173  10:31  Zergling x2  
  169  10:35  Zergling x4  
  169  10:39  Mutalisk  
  169  10:40  Mutalisk x3  
  175  10:44  Zergling x2  
  175  10:45  Zergling x12  
  161  10:50  Zergling x6  
  161  10:53  Mutalisk x3  
  166  11:00  Drone x2, Queen  
  166  11:02  Baneling x2  
  166  11:03  Baneling x3  
  170  11:04  Overlord  
  170  11:05  Zergling x4  
  170  11:07  Pneumatized Carapace  
  170  11:08  Overseer  
  170  11:10  Zergling x2  
  170  11:11  Zergling x6  
  176  11:14  Zergling x2  
  176  11:15  Zergling x12  
  176  11:16  Hatchery  
  181  11:18  Zergling x2  
  181  11:19  Overseer  
  181  11:20  Zergling x8  
  181  11:23  Zergling x2  
  180  11:26  Mutalisk  
  180  11:28  Mutalisk  
  180  11:30  Baneling x4  
  180  11:31  Zergling x2  
  185  11:35  Zergling x8  
  185  11:36  Zergling x2  
  189  11:42  Zergling x10  
  189  11:49  Zergling x10  
  190  12:00  Zergling x6  
  156  12:04  Mutalisk x5  
  156  12:06  Zergling x2  
  156  12:07  Zergling x2  
  156  12:08  Drone, Baneling x5  
  165  12:09  Drone  
  165  12:10  Extractor  
  165  12:13  Zergling x6  
Show
View Real Time Build Order
Export as new Build Order

Bunny Terran - Winner!

Build Orders: Reaper Expand 

Get SALT Encoding   

  12  0:00  SCV  
  13  0:12  SCV  
  14  0:17  Supply Depot  
  14  0:24  SCV  
  15  0:38  SCV  
  15  0:39  Barracks  
  16  0:42  Refinery  
  16  0:51  SCV  
  17  1:03  SCV  
  18  1:15  SCV  
  19  1:26  Reaper  
  19  1:27  Orbital Command  
  20  1:38  Command Center  
  20  1:47  Supply Depot  
  20  1:52  SCV  
  21  1:58  Marine  
  22  2:04  SCV  
  22  2:05  Factory  
  23  2:11  Refinery  
  23  2:16  SCV  
  23  2:21  Barracks Reactor  
  24  2:28  SCV  
  25  2:40  SCV  
  26  2:50  Orbital Command  
  26  2:51  Starport  
  26  2:52  SCV  
  27  3:01  Hellion x2  
  27  3:05  SCV  
  32  3:06  Marine  
  33  3:15  SCV  
  33  3:17  SCV, Supply Depot  
  35  3:22  Widow Mine x2  
  35  3:24  Marine  
  40  3:27  Medivac  
  40  3:28  SCV  
  40  3:29  SCV  
  44  3:35  Armory  
  45  3:41  SCV  
  45  3:42  Marine  
  45  3:43  Supply Depot  
  45  3:45  Hellion  
  45  3:47  Hellion  
  45  3:48  SCV  
  51  3:57  Medivac  
  51  4:00  SCV  
  54  4:04  Marine  
  54  4:05  SCV  
  54  4:07  Hellion  
  54  4:08  Hellion, Supply Depot  
  60  4:15  SCV  
  61  4:17  SCV  
  61  4:23  Barracks Tech Lab  
  62  4:30  SCV x2, Hellion x2  
  68  4:31  Supply Depot  
  66  4:42  SCV x2  
  66  4:45  Stimpack  
  68  4:46  Command Center  
  64  4:54  SCV x2  
  64  4:59  Barracks  
  66  5:00  Factory Reactor  
  66  5:01  Barracks  
  66  5:06  SCV x2  
  66  5:18  SCV x2, Marine  
  66  5:19  Starport Reactor  
  66  5:21  Engineering Bay x2  
  55  5:30  SCV x2  
  55  5:32  Refinery x2  
  55  5:42  SCV x2  
  57  5:43  Marine  
  57  5:45  Factory Tech Lab  
  57  5:48  Marine, Terran Infantry Weapons Level 1, Terran Infantry Armor Level 1  
  57  5:49  Marine  
  60  5:55  Barracks, Marine x2  
  62  5:57  Barracks  
  62  6:01  Marine  
  62  6:03  SCV x2  
  65  6:04  Medivac, Siege Tank  
  65  6:06  Marine x2  
  65  6:08  Medivac  
  74  6:13  Marine  
  74  6:15  SCV  
  74  6:16  SCV  
  74  6:18  Marine, Supply Depot x2  
  78  6:19  Marine  
  78  6:23  Orbital Command  
  78  6:24  Marine x2, Combat Shield  
  81  6:28  SCV x2  
  81  6:32  Marine  
  84  6:36  Marine, Siege Tank  
  84  6:37  Marine  
  84  6:38  Medivac  
  91  6:42  SCV x2  
  91  6:46  Refinery  
  93  6:48  Barracks Reactor x2  
  93  6:49  Marine x2, Supply Depot  
  93  6:50  Supply Depot, Marine  
  93  6:51  SCV  
  97  6:54  SCV  
  97  6:55  SCV  
  97  6:59  Marine x2  
  101  7:03  Medivac  
  101  7:08  SCV x3  
  105  7:12  Supply Depot  
  105  7:15  Siege Tank  
  109  7:20  Marine x5  
  109  7:22  Medivac  
  116  7:27  SCV x3  
  116  7:28  Command Center  
  119  7:31  Marine x4  
  119  7:35  Medivac  
  125  7:38  Marine x4  
  125  7:40  SCV x3  
  132  7:45  Supply Depot  
  132  7:46  Supply Depot, Terran Infantry Weapons Level 2  
  132  7:47  Supply Depot  
  132  7:50  Missile Turret  
  132  7:59  Terran Infantry Armor Level 2  
  132  8:03  Marine  
  133  8:06  Marine x5, Siege Tank  
  133  8:07  Marine x2  
  133  8:08  Supply Depot  
  133  8:11  Factory  
  138  8:14  Medivac  
  138  8:19  SCV  
  137  8:20  SCV x2  
  137  8:22  Marine  
  137  8:23  Marine  
  137  8:24  Marine x5  
  137  8:25  Marine  
  143  8:27  Drilling Claws, Supply Depot  
  143  8:33  Refinery  
  143  8:39  Widow Mine  
  142  8:42  Marauder  
  141  8:50  Marine x3  
  141  8:51  Marine x5  
  146  9:01  Medivac x2, Widow Mine  
  137  9:04  SCV x3  
  137  9:05  Factory Reactor  
  137  9:08  Marauder  
  141  9:14  Barracks  
  141  9:16  SCV, Barracks  
  141  9:17  SCV x2, Barracks  
  144  9:18  Marine x7  
  144  9:19  Marine  
  152  9:25  Concussive Shells  
  152  9:30  Thor  
  154  9:41  Marauder, Marine x8  
  154  9:43  Planetary Fortress  
  164  9:46  Widow Mine  
  164  9:47  Widow Mine  
  164  9:50  Supply Depot x2, Missile Turret  
  164  9:51  Medivac  
  164  9:52  Medivac  
  172  10:02  Marauder, Sensor Tower, Missile Turret  
  172  10:03  Barracks Tech Lab x2, Missile Turret  
  173  10:08  Widow Mine x2, Marine x5  
  173  10:09  Marine, Barracks Tech Lab  
  183  10:20  Command Center  
  183  10:25  Marauder  
  183  10:26  Marauder  
  183  10:28  Marine  
  183  10:29  Marine x8  
  183  10:35  Thor  
  182  10:36  Widow Mine x2  
  185  10:52  Marauder x3  
  185  10:53  Marine  
  185  10:54  Marine x6  
  185  10:55  Marine  
  187  10:57  Sensor Tower  
  187  11:03  Medivac x2  
  191  11:07  Marauder  
  193  11:13  Marauder x2  
  193  11:15  Marauder  
  199  11:36  Marine  
  200  11:49  Marauder  
  200  11:52  Command Center  
  197  11:57  Command Center  
  197  11:58  Command Center  
  197  12:00  Medivac x2  
  185  12:04  Widow Mine x2  
  186  12:10  Marauder x4, Marine x6  

Tags
 
Add a new tag
Caveats
  • Supply blocks, unpowered buildings, or Contaminate may cause inaccurate times.
  • Supply counts are checked every 10 seconds.